 Dungeon Crawl Stone Soup version 0.30-b1-2-g02819fbbbe (webtiles) character file.

Game seed: 9902725816534191826

99 Arum the Trooper (level 5, 0/42 HPs)
             Began as a Formicid Fighter on May 15, 2023.
             Slain by a black bear (3 damage)
             ... on level 3 of the Dungeon.
             The game lasted 00:02:10 (1163 turns).

Arum the Trooper (Formicid Fighter)                 Turns: 1163, Time: 00:02:11

Health: 0/42       AC:  7    Str: 23    XL:     5   Next: 2%
Magic:  5/5        EV:  9    Int:  7    God:
Gold:   162        SH:  5    Dex: 13    Spells: 4/4 levels left

rFire   . . .        a - +0 war axe
rCold   . . .        c - +0 buckler
rNeg    . . .        b - +0 scale mail
rPois   +            (helmet unavailable)
rElec   .            (no cloak)
rCorr   .            (no gloves)
SInv    +            (no boots)
Will    .....        (no amulet) Stlth
                     g - ring of poison resistance
HPRegen 0.27/turn    (no ring)
MPRegen 0.09/turn

%: no passive effects
@: no status effects
A: permanent stasis, dig shafts and tunnels, antennae 3, four strong arms
a: Dig, Shaft Self


You were on level 3 of the Dungeon.
You visited 1 branch of the dungeon, and saw 3 of its levels.

You collected 162 gold pieces.

Inventory:

Hand Weapons
 a - a +0 war axe (weapon)
Armour
 b - a +0 scale mail (worn)
 c - a +0 buckler (worn)
Jewellery
 g - a ring of poison resistance (left hand)
Scrolls
 h - 2 scrolls of vulnerability {unknown}
 i - 2 scrolls of teleportation {unknown}
 j - a scroll of amnesia {unknown}
 k - 2 scrolls of identify {unknown}
 l - a scroll of fog {unknown}
 m - a scroll of enchant weapon {unknown}
Potions
 d - a potion of might
 e - a potion of haste {unknown}
 f - a potion of cancellation {unknown}
 n - a potion of curing {unknown}


   Skills:
 + Level 4.3 Fighting
 + Level 3.1 Axes
 + Level 4.2 Armour
 - Level 4.0 Shields


You had 4 spell levels left.
You didn't know any spells.
Your spell library was empty.

Dungeon Overview and Level Annotations

Branches:
Dungeon (3/15)

Altars:
Cheibriados


Innate Abilities, Weirdness & Mutations

You cannot be hasted, slowed, berserked, paralysed or teleported.
You can dig through walls and to a lower floor.
You have a pair of large antennae on your head. (SInv)
Your four strong arms can wield two-handed weapons with a shield.


Message History

You slash the bat!
You kill the bat!
The black bear bites you but does no damage.
The black bear claws you but does no damage. x2
You closely miss the black bear. The black bear bites you.
The black bear closely misses you. You block the black bear's attack.
You hit the black bear.
The black bear is lightly wounded.
The black bear bites you but does no damage.
The black bear claws you but does no damage.
The black bear closely misses you. The black bear barely misses you.
The black bear claws you. The black bear closely misses you.
You hit the black bear.
The black bear is moderately wounded.
The black bear bites you. You block the black bear's attack. x2
You slash the black bear!
The black bear is severely wounded.
The black bear goes berserk!
You closely miss the black bear.
The black bear is severely wounded.
You block the black bear's attack. The black bear barely misses you.
The black bear claws you. The black bear completely misses you.
The black bear barely misses you. The black bear claws you.
You barely miss the black bear.
The black bear is severely wounded.
The black bear bites you. The black bear barely misses you.
The black bear claws you. The black bear bites you!
* * * LOW HITPOINT WARNING * * *
The black bear claws you but does no damage.
The black bear claws you.
* * * LOW HITPOINT WARNING * * *
Welcome back, Arum the Formicid Fighter.
Press ? for a list of commands and other information.
You barely miss the black bear.
The black bear is severely wounded.
The black bear bites you.
* * * LOW HITPOINT WARNING * * *
The black bear claws you but does no damage.
The black bear claws you.
You die...

...... #(.# #..... ....
#..... #..### ##..$..
..... ..>.... ##..###
..... #...._#
#.)###8h.8#
#.).#..@..#...
#.....#............
...## ##...##...#.. #
#...# #....#.. # #...##
##...(# #.##....# ...#
... #>....#.##
#..###....
.......#..#####....#.).
.............##.##.#..


You could see a black bear (berserk).

Vanquished Creatures
  4 adders
  2 worms (D:2)
  2 dart slugs (D:1)
  5 ball pythons
  3 bats
  4 endoplasms
  4 giant cockroaches
  4 goblins
  3 hobgoblins
  4 jackals (D:3)
  5 kobolds
  2 quokkas (D:2)
  4 frilled lizards
  6 rats
52 creatures vanquished.

Notes
Turn   | Place    | Note
-------+----------+-------------------------------------------
     0 | D:1      | Arum the Formicid Fighter began the quest for the Orb.
     0 | D:1      | Reached XP level 1. HP: 18/18 MP: 1/1
    68 | D:1      | Reached XP level 2. HP: 22/24 MP: 2/2
   257 | D:1      | Reached XP level 3. HP: 27/30 MP: 3/3
   874 | D:2      | Reached XP level 4. HP: 28/37 MP: 4/4
  1138 | D:3      | Found a snail-covered altar of Cheibriados.
  1150 | D:3      | Reached XP level 5. HP: 37/42 MP: 5/5
  1154 | D:3      | Noticed a black bear
  1163 | D:3      | Slain by a black bear

Illustrated notes

Levels and vault maps discovered:
D:1:      lightli_arrival_chessboard, layout_basic,
          corexii_item_surrounded_by_moat
D:2:      layout_basic, minmay_diced_spiral
D:3:      layout_rooms, minitemple, grunt_dithmenos_smoke_and_mirrors, hex_tiny

Skill      XL: |  1  2  3  4 |
---------------+-------------+-----
Fighting       | 4 |  4.3
Armour         | 4 |  4.2
Axes           | 3 |  3.1
Shields        | |  4.0

Action                     |  1- 3 |  4- 6 || total
---------------------------+-------+-------++-------
  Melee: War axe           |    89 |    50 ||   139
 Armour: Scale mail        |    50 |    32 ||    82
  Dodge: Dodged            |    51 |    37 ||    88
  Block: Buckler           |    23 |    15 ||    38
